 Dungeon Crawl Stone Soup version 0.21.1-1-g345015fe64 (webtiles) character file.

14647 Gargoyl the Cleaver (level 11, -8/94 HPs)
             Began as a Centaur Abyssal Knight on June 6, 2018.
             Was an Elder of Lugonu.
             Mangled by a death yak (16 damage)
             ... on level 2 of the Lair of Beasts.
             The game lasted 00:26:53 (19651 turns).

Gargoyl the Cleaver (Centaur Abyssal Knight)       Turns: 19651, Time: 00:26:54

Health: -8/94      AC: 17    Str: 16    XL:     11   Next: 91%
Magic:  10/18      EV:  6    Int: 13    God:    Lugonu [****..]
Gold:   755        SH:  0    Dex: 11    Spells: 10/10 levels left

rFire    . . .     SeeInvis +   x - +5 war axe
rCold    . . .     Gourm    .   (no shield)
rNeg     + . .     Faith    .   d - +3 chain mail
rPois    .         Spirit   .   f - +0 helmet
rElec    .         Reflect  .   (no cloak)
rCorr    .         Harm     .   n - +0 pair of gloves
MR       .....     Clarity  +   (no barding)
Stlth    ..........             p - amulet of rage
HPRegen  0.25/turn              b - ring of positive energy
MPRegen  0.16/turn              y - ring of see invisible

@: berserk cooldown, slowed
A: large, hooves 3, molten scales 1, clarity, clever 1, deformed body, speed 2,
sense surroundings 1, tough skin 3
a: Depart the Abyss, Bend Space, Banish, Corrupt, Renounce Religion, Evoke
Berserk Rage


You were on level 2 of the Lair of Beasts.
You worshipped Lugonu.
Lugonu was greatly pleased with you.
You were not hungry.

You visited 2 branches of the dungeon, and saw 12 of its levels.
You visited the Abyss 1 time.
You also visited: Ossuary.

You collected 755 gold pieces.

Inventory:

Hand Weapons
 a - a +2 hand axe of protection
 x - a +5 war axe (weapon)
Missiles
 C - 3 tomahawks of returning (quivered)
Armour
 d - a +3 chain mail (worn)
 f - a +0 helmet (worn)
 n - a +0 pair of gloves (worn)
Jewellery
 b - a ring of positive energy (left hand)
 p - an amulet of rage (around neck)
 y - a ring of see invisible (right hand)
 A - an uncursed ring of stealth
 G - an uncursed amulet of guardian spirit {unknown}
Wands
 q - a wand of polymorph (22)
 F - a wand of disintegration (10)
Scrolls
 e - 6 scrolls of remove curse
 g - 2 scrolls of blinking
 h - 4 scrolls of identify
 i - 4 scrolls of teleportation
 j - 4 scrolls of magic mapping
 l - 2 scrolls of fear
 o - 5 scrolls of amnesia
Potions
 k - a potion of might
 m - 2 potions of agility
 r - a potion of brilliance
 s - a potion of degeneration {unknown}
 u - 4 potions of haste {unknown}
 v - 5 potions of curing
 w - a potion of ambrosia
 D - a potion of berserk rage {unknown}
Books
 z - a book of Changes

   Spells                             Type                      Level
   a - Beastly Appendage              Transmutation                1
   b - Sticks to Snakes               Transmutation                2
   c - Spider Form                    Transmutation/Poison         3
   d - Ice Form                       Ice/Transmutation            4
   e - Blade Hands                    Transmutation                5
 B - a book of Misfortune

   Spells                             Type                      Level
   a - Confusing Touch                Hexes                        1
   b - Confuse                        Hexes                        3
   c - Gell's Gravitas                Translocation                3
   d - Petrify                        Transmutation/Earth          4
   e - Metabolic Englaciation         Hexes/Ice                    5
   f - Yara's Violent Unravelling     Hexes/Transmutation          5
 E - a book of Flames

   Spells                             Type                      Level
   a - Flame Tongue                   Conjuration/Fire             1
   b - Throw Flame                    Conjuration/Fire             2
   c - Conjure Flame                  Conjuration/Fire             3
   d - Inner Flame                    Hexes/Fire                   3
   e - Sticky Flame                   Conjuration/Fire             4
   f - Fireball                       Conjuration/Fire             5
Comestibles
 c - 12 rations


   Skills:
 + Level 7.9 Fighting
 + Level 10.0 Axes
 + Level 1.9 Throwing
 * Level 8.7 Armour
 + Level 2.9 Dodging
 * Level 9.5 Invocations


You had 10 spell levels left.
You didn't know any spells.

Dungeon Overview and Level Annotations

Branches:
Dungeon (10/15)            Temple (0/1) D:6            Lair (2/6) D:10
 Shoals (0/4) Lair:2
  Snake: Lair:2-4    Spider: Lair:2-4       Orc: D:9-12

Altars:
Ashenzari
Dithmenos
Fedhas
Hepliaklqana
Kikubaaqudgha
Makhleb
Qazlal
Ru
Wu Jian
Xom


Innate Abilities, Weirdness & Mutations

You have hooves in place of feet.
Armour fits poorly on your strangely shaped body.
You cover ground very quickly.
You have extremely tough skin. (AC +3)
You are partially covered in molten scales. (AC +2)
You possess an exceptional clarity of mind.
Your mind is acute. (Int +2)
You passively map a small area around you.


Message History

Things that are here:
a death yak corpse; a bullfrog skeleton The death yak gores you!!
* * * LOW HITPOINT WARNING * * *
You feel much better.
The death yak gores you but does no damage.
The death yak gores you!
* * * LOW HITPOINT WARNING * * *
Press: ? - help, Shift-Dir - straight line, f - death yak
Aim: a death yak (almost dead, chance to defeat MR: 23%)
The death yak resists with almost no effort.
You feel somewhat more hungry.
The death yak bellows!
The death yak gores you!
* * * LOW HITPOINT WARNING * * *
Press: ? - help, Shift-Dir - straight line, f/p - death yak
Aim: a death yak (almost dead, chance to defeat MR: 23%)
The death yak resists with almost no effort.
You feel somewhat more hungry. The death yak gores you!
You die...

* ## ####
#####.##)...
#.##.#.P.P# * ###
#.÷<.....### *
#P.###.#Y†#.#.... *
###........@.......
,
##..........<......#
#....##...P.....#..#
,
#P.#.#.Y...P...##.##
#.....#...##.#......
,
#..#..#.#.#......#..
#......#..###.#...#
##>.P.>...##* ......
,
#..##Y....#.P.,.....


You could see 2 death yaks.

Vanquished Creatures
  3 death yaks (Lair:2)
  The ghost of McKennaii the Thaumaturge, a novice DEIE of Sif Muna (D:8)
  Psyche (D:8)
  A spiny frog (Lair:1)
  2 komodo dragons (Lair:1)
  A troll (D:10)
  6 hippogriffs
  A spriggan (D:10)
  10 yaks
  A vampire (D:10)
  Sigmund (D:5)
  Eustachio (D:5)
  A basilisk (Lair:1)
  5 water moccasins
  Duvessa (D:7)
  5 porcupines
  2 ice beasts
  3 sky beasts
  2 black bears
  4 orc warriors
  2 phantoms
  2 necrophages
  3 ogres
  A crocodile (Lair:1)
  4 wolves
  4 centaurs
  2 big kobolds (D:9)
  2 bullfrogs
  Dowan (D:7)
  A scorpion (D:9)
  14 killer bees (D:9)
  5 wights (D:10)
  2 howler monkeys
  A bullfrog zombie (D:10)
  6 crimson imps
  3 hounds
  A quasit (D:9)
  2 centaur zombies (Ossuary)
  3 bullfrog skeletons
  5 orc wizards
  8 orc priests
  An iguana (D:10)
  8 worker ants
  A killer bee zombie (D:6)
  2 big kobold zombies (Ossuary)
  A hound skeleton (D:6)
  A hound zombie (D:10)
  6 mummies (Ossuary)
  4 gnolls (D:6)
  8 adders
  An ooze (D:6)
  3 adder skeletons
  A worm (D:4)
  7 leopard geckos
  33 orcs
  A ball python (D:4)
  7 giant cockroaches
  10 goblins
  5 hobgoblins
  23 jackals
  15 kobolds
  5 quokkas
  12 bats
  6 frilled lizards
  A hobgoblin zombie (Ossuary)
  A leopard gecko skeleton (D:8)
  A quokka skeleton (D:9)
  13 rats
  A plant (Lair:2)
302 creatures vanquished.

Vanquished Creatures (others)
  A hydra (Lair:1)
  2 two-headed ogres
  An ice beast (D:6)
  An orc warrior (D:7)
  2 fungi (Lair:1)
  2 plants
9 creatures vanquished.

Grand Total: 311 creatures vanquished

Notes
Turn   | Place    | Note
-------+----------+-------------------------------------------
     0 | Abyss:1  | Gargoyl the Centaur Abyssal Knight began the quest for the Orb.
     0 | Abyss:1  | Reached XP level 1. HP: 19/19 MP: 2/2
    82 | Abyss:1  | Noticed a smoke demon
    82 | Abyss:1  | Noticed an ancient zyme
   134 | Abyss:1  | Noticed a wretched star
   137 | D:1      | Escaped the Abyss
   739 | D:1      | Reached XP level 2. HP: 25/26 MP: 3/3
   898 | D:1      | Reached * piety under Lugonu
  1080 | D:1      | Reached skill level 2 in Axes
  1257 | D:1      | Reached XP level 3. HP: 28/31 MP: 4/4
  2087 | D:3      | Reached ** piety under Lugonu
  2129 | D:3      | Found an ancient bone altar of Kikubaaqudgha.
  2147 | D:3      | HP: 1/33 [worker ant (5)]
  2148 | D:3      | Reached XP level 4. HP: 2/40 MP: 5/5
  2507 | D:3      | Reached skill level 1 in Dodging
  3068 | D:3      | Found a hazy altar of Hepliaklqana.
  3105 | D:3      | Reached XP level 5. HP: 45/46 MP: 7/7
  3110 | D:3      | Reached *** piety under Lugonu
  3746 | D:4      | Reached skill level 3 in Axes
  3760 | D:4      | Reached XP level 6. HP: 34/52 MP: 8/8
  4891 | D:4      | Found a sacrificial altar of Ru.
  5013 | D:5      | Entered Level 5 of the Dungeon
  5029 | D:5      | Noticed Sigmund
  5064 | D:6      | Noticed an ice beast
  5071 | D:6      | Banished an ice beast
  5311 | D:5      | Reached XP level 7. HP: 50/59 MP: 10/10
  5391 | D:5      | Killed Sigmund
  5391 | D:5      | Reached skill level 4 in Axes
  5453 | D:5      | Found a blossoming altar of Fedhas.
  5647 | D:5      | Noticed Eustachio
  5717 | D:5      | Killed Eustachio
  6367 | D:5      | Reached XP level 8. HP: 64/67 MP: 11/11
  6546 | D:5      | Found a stormy altar of Qazlal.
  6783 | D:6      | Reached skill level 5 in Invocations
  6845 | D:6      | Reached skill level 5 in Axes
  6958 | D:6      | Reached skill level 5 in Fighting
  7036 | D:6      | Found a staircase to the Ecumenical Temple.
  7205 | D:6      | Reached **** piety under Lugonu
  7629 | D:7      | Found an ornate altar of the Wu Jian Council.
  7693 | D:7      | Reached skill level 1 in Throwing
  8276 | D:7      | Gained mutation: Your mind is acute. (Int +2) [potion of mutation]
  8276 | D:7      | Gained mutation: You have a pair of small horns on your head. [potion of mutation]
  8573 | D:7      | Lost mutation: You have a pair of small horns on your head. [potion of mutation]
  8573 | D:7      | Lost mutation: Your mind is acute. (Int +2) [potion of mutation]
  8573 | D:7      | Gained mutation: Your spells are a little harder to cast, but a little more powerful. [potion of mutation]
  8573 | D:7      | Gained mutation: You are partially covered in thin metallic scales. (AC +2) [potion of mutation]
  8574 | D:7      | Lost mutation: Your spells are a little harder to cast, but a little more powerful. [potion of mutation]
  8574 | D:7      | Lost mutation: You are partially covered in thin metallic scales. (AC +2) [potion of mutation]
  8574 | D:7      | Gained mutation: Your spells are a little harder to cast, but a little more powerful. [potion of mutation]
  8574 | D:7      | Gained mutation: You are weak. (Str -2) [potion of mutation]
  8574 | D:7      | Gained mutation: You have a pair of small antennae on your head. [potion of mutation]
  8574 | D:7      | Gained mutation: You passively map a small area around you. [potion of mutation]
  8816 | D:7      | Reached skill level 6 in Axes
  8896 | D:7      | Noticed Duvessa
  8898 | D:7      | Noticed Dowan
  8912 | D:7      | Killed Duvessa
  8912 | D:7      | Reached XP level 9. HP: 36/74 MP: 13/13
  8915 | D:7      | Killed Dowan
  9165 | D:8      | Noticed McKennaii's ghost (novice DEIE)
  9182 | D:7      | Reached skill level 5 in Armour
  9225 | D:8      | Killed McKennaii's ghost
  9675 | D:8      | Found a sand-covered staircase.
  9681 | Ossuary  | Entered an ossuary
 10159 | Ossuary  | Lost mutation: Your spells are a little harder to cast, but a little more powerful. [potion of mutation]
 10159 | Ossuary  | Lost mutation: You are weak. (Str -2) [potion of mutation]
 10159 | Ossuary  | Gained mutation: Your spells are a little harder to cast, but a little more powerful. [potion of mutation]
 10159 | Ossuary  | Gained mutation: You are partially covered in molten scales. (AC +2) [potion of mutation]
 10159 | Ossuary  | Gained mutation: You are partially covered in icy blue scales. (AC +2) [potion of mutation]
 10159 | Ossuary  | Gained mutation: You possess an exceptional clarity of mind. [potion of mutation]
 10161 | Ossuary  | Lost mutation: Your spells are a little harder to cast, but a little more powerful. [potion of mutation]
 10161 | Ossuary  | Lost mutation: You are partially covered in icy blue scales. (AC +2) [potion of mutation]
 10161 | Ossuary  | Lost mutation: You have a pair of small antennae on your head. [potion of mutation]
 10161 | Ossuary  | Gained mutation: Your mind is acute. (Int +2) [potion of mutation]
 10606 | D:8      | Found a shattered altar of Ashenzari.
 10609 | D:8      | Found a shadowy altar of Dithmenos.
 10642 | D:8      | Reached skill level 7 in Axes
 11263 | D:8      | Noticed a two-headed ogre
 11272 | D:8      | Banished a two-headed ogre
 11272 | D:8      | Reached XP level 10. HP: 24/83 MP: 15/15
 11283 | D:8      | Noticed Psyche
 11520 | D:8      | Killed Psyche
 12642 | D:9      | Found a shimmering altar of Xom.
 12661 | D:9      | Found a shimmering altar of Xom.
 12661 | D:9      | Found a shimmering altar of Xom.
 12661 | D:9      | Found a shimmering altar of Xom.
 13632 | D:9      | Reached skill level 8 in Axes
 14094 | D:9      | Found a burning altar of Makhleb.
 14268 | D:10     | Entered Level 10 of the Dungeon
 15263 | D:10     | Found a staircase to the Lair.
 15714 | D:10     | Noticed a two-headed ogre
 15738 | D:10     | Banished a two-headed ogre
 15738 | D:10     | Reached XP level 11. HP: 14/92 MP: 12/17
 16296 | Lair:1   | Entered Level 1 of the Lair of Beasts
 16366 | Lair:1   | Reached skill level 9 in Axes
 18619 | Lair:1   | Noticed a six-headed hydra
 18620 | Lair:1   | Banished a six-headed hydra
 18968 | Lair:2   | Found a staircase to the Shoals.
 19360 | Lair:2   | Noticed a death yak
 19361 | Lair:2   | Noticed a death yak
 19367 | Lair:2   | Noticed a death yak
 19368 | Lair:2   | Noticed a death yak
 19384 | Lair:2   | Noticed a death yak
 19633 | Lair:2   | Killed a death yak
 19641 | Lair:2   | Killed a death yak
 19642 | Lair:2   | Killed a death yak
 19642 | Lair:2   | Reached skill level 10 in Axes
 19651 | Lair:2   | Mangled by a death yak

Skill      XL: |  1  2  3  4  5  6  7  8  9 10 11 |
---------------+----------------------------------+-----
Axes           | 2 3 4 6 7 8 10 | 10.0
Armour         | 2 3 4 6 7 8 |  8.7
Dodging        | 1 2 |  2.9
Invocations    | 3 4 5 6 8 9 |  9.5
Fighting       | 4 5 6 7 |  7.9
Throwing       | 1 |  1.9

Action                   |  1- 3 |  4- 6 |  7- 9 | 10-12 || total
-------------------------+-------+-------+-------+-------++-------
Melee: Hand axe          |   133 |   230 |   484 |   431 ||  1278
       Kick              |    16 |    52 |   108 |   140 ||   316
       Headbutt          |       |       |     4 |       ||     4
       War axe           |       |       |       |   190 ||   190
Throw: Javelin           |       |       |     7 |     2 ||     9
       Tomahawk          |       |       |       |    15 ||    15
Invok: Depart the Abyss  |     1 |       |       |       ||     1
       Banish            |       |     1 |     2 |     7 ||    10
       Bend Space        |       |       |     1 |       ||     1
 Abil: Evoke Berserk Rag |       |       |     3 |     3 ||     6
Evoke: Wand              |       |       |       |     2 ||     2
  Use: Scroll            |    12 |     4 |     6 |     5 ||    27
       Potion            |     3 |     2 |    15 |     3 ||    23
  Eat: Chunk             |     3 |     9 |     6 |     8 ||    26
       Ration            |       |       |     4 |     7 ||    11
Armor: Leather armour    |    53 |       |       |       ||    53
       Chain mail        |    68 |   263 |   383 |   618 ||  1332
       Skin              |       |       |    76 |       ||    76
Dodge: Dodged            |    66 |    84 |   141 |   235 ||   526
